 Dungeon Crawl Stone Soup version 0.28.0 (webtiles) character file.

Game seed: 10653837673148022176

63 laceratedsky the Chopper (level 3, -4/34 HPs)
             Began as a Minotaur Berserker on Feb 7, 2022.
             Was a Believer of Trog.
             Slain by Terence (5 damage)
             ... on level 2 of the Dungeon.
             The game lasted 00:03:36 (1779 turns).

laceratedsky the Chopper (Minotaur Berserker)       Turns: 1779, Time: 00:03:36

Health: -4/34      AC:  5    Str: 23    XL:     3   Next: 89%
Magic:  2/2        EV: 11    Int:  4    God:    Trog [**....]
Gold:   65         SH:  0    Dex:  9    Spells: 2/2 levels left

rFire   . . .      SeeInvis .   g - +3 whip
rCold   . . .      Faith    .   (no shield)
rNeg    . . .      Spirit   .   i - +0 ring mail
rPois   .          Reflect  .   (helmet restricted)
rElec   .          Harm     .   (no cloak)
rCorr   .          Rampage  .   (no gloves)
Will    .....                   (no boots)
Stlth   ..........              (no amulet)
HPRegen 0.11/turn               (no ring)
MPRegen 0.08/turn               (no ring)

@: attractive
A: horns 2, retaliatory headbutt
a: Renounce Religion, Berserk, Trog's Hand


You were on level 2 of the Dungeon.
You worshipped Trog.
Trog was pleased with you.
You visited 1 branch of the dungeon, and saw 2 of its levels.

You collected 65 gold pieces.

Inventory:

Hand Weapons
 a - a +0 hand axe
 g - a +3 whip (weapon)
Missiles
 j - 23 arrows
Armour
 b - a +0 animal skin
 i - a +0 ring mail (worn)
Jewellery
 e - a ring of magical power
Scrolls
 c - 2 scrolls of enchant armour {unknown}
 k - a scroll of identify {unknown}
 l - a scroll of amnesia {unknown}
Potions
 f - a potion of invisibility {unknown}
 h - a potion of cancellation {unknown}
 m - a potion of heal wounds {unknown}


   Skills:
 + Level 4.4 Fighting
 + Level 4.5 Axes
 + Level 0.3(2.8) Maces & Flails
 + Level 2.8 Armour
 + Level 2.6 Dodging
 + Level 0.1 Stealth


You had 2 spell levels left.
You didn't know any spells.
Your spell library was empty.

Dungeon Overview and Level Annotations

Branches:
Dungeon (2/15)

Altars:
Dithmenos

Annotations:
D:2 Terence


Innate Abilities, Weirdness & Mutations

You have a pair of horns on your head.
You reflexively headbutt those who attack you in melee.


Message History

The frilled lizard bites you but does no damage.
You hit the worm.
You kill the worm!
Trog accepts your kill. The frilled lizard closely misses you.
You see here a worm corpse.
You hit the frilled lizard.
You kill the frilled lizard!
Trog accepts your kill.
Things that are here:
a +0 dagger; a frilled lizard corpse You now have 62 gold pieces (gained 12).
You start resting.
HP restored.
You now have 65 gold pieces (gained 3).
Terence the Incautious comes into view.
He is wielding a +0 morningstar.
Terence shouts!
Terence moves out of view.
Terence hits you with a +0 morningstar!
You hit Terence.
Terence is lightly wounded.
Terence closely misses you.
You closely miss Terence.
Terence is lightly wounded.
Terence hits you with a +0 morningstar.
You hit Terence.
Terence is moderately wounded.
Terence hits you with a +0 morningstar!
* * * LOW HITPOINT WARNING * * *
You are too injured to fight recklessly!
You are too injured to fight recklessly!
You are too injured to fight recklessly!
You closely miss Terence. Your headbutt misses Terence.
Terence is moderately wounded.
Terence hits you with a +0 morningstar!
* * * LOW HITPOINT WARNING * * *
It was a potion of attraction.
You feel attractive to monsters. Terence hits you with a +0 morningstar.
You die...

............#####.####.....## ##
##.....####.## #...#..#..## #.
#####.......## ###...###.# #.
##...≈≈≈≈.###.......#.# #.
#....≈.....##.#####.#.#### #.
#....≈≈≈≈..##.# #......###.
#.............# ####.....#.
#..........#..### ####....
#...........@...### #....
##).......#@###...########...
#............≈..≈.≈#........#
#####.####≈.≈≈........≈..######..
......# ≈≈≈≈≈≈.≈≈≈≈≈≈≈≈≈≈≈≈##....
#####.# #≈≈≈≈≈≈≈≈.≈≈≈≈≈≈≈≈≈≈#....
#.####.≈.≈......≈≈...## ###..
##.........≈≈.........# #...
#####.......≈.≈.≈≈..≈...####..#


You could see Terence.

Vanquished Creatures
  2 worms (D:2)
  2 dart slugs
  An endoplasm (D:1)
  5 giant cockroaches
  8 goblins
  3 hobgoblins
  8 jackals
  2 quokkas (D:1)
  5 ball pythons (D:1)
  2 bats (D:1)
  5 frilled lizards
  3 kobolds (D:1)
  6 rats
52 creatures vanquished.

Notes
Turn   | Place    | Note
-------+----------+-------------------------------------------
     0 | D:1      | laceratedsky the Minotaur Berserker began the quest for the
                  | Orb.
     0 | D:1      | Reached XP level 1. HP: 19/19 MP: 0/0
   305 | D:1      | Reached XP level 2. HP: 17/27 MP: 1/1
   724 | D:1      | Found a faded altar of an unknown god.
   771 | D:1      | Reached ** piety under Trog
   772 | D:1      | Reached XP level 3. HP: 33/33 MP: 2/2
  1457 | D:2      | Found a shadowy altar of Dithmenos.
  1771 | D:2      | Noticed Terence
  1778 | D:2      | HP: 1/34 [Terence (7)]
  1779 | D:2      | Slain by Terence

Illustrated notes

Levels and vault maps discovered:
D:1:      psy_arrival_statuary, layout_basic, basic_ecumenical_altar
D:2:      layout_rooms, basic_altar, chequers_serial_rivers_small_3,
          chequers_serial_rivers_micro_d, uniq_terence

Skill      XL: |  1  2 |
---------------+-------+-----
Axes           | 4 |  4.5
Fighting       | 4 |  4.4
Maces & Flails | |  0.3
Armour         | |  2.8
Dodging        | |  2.6
Stealth        | |  0.1

Action                   || total
-------------------------++-------
Melee: Hand axe          ||    48
       Headbutt          ||    10
       Whip              ||    42
  Use: Potion            ||     1
Armor: Animal skin       ||    13
       Ring mail         ||    12
Dodge: Dodged            ||    50
